 Dungeon Crawl Stone Soup version 0.31-a0-188-g5e087ee2ca (webtiles) character file.

Game seed: 4831543301781623126

933 qw the Skirmisher (level 7, -4/40 HPs)
             Began as a Deep Elf Hunter on June 23, 2023.
             Slain by a killer bee (6 damage)
             ... on level 5 of the Dungeon.
             The game lasted 00:01:36 (3726 turns).

qw the Skirmisher (Deep Elf Hunter)                 Turns: 3726, Time: 00:01:36

Health: -4/40      AC:  4    Str: 10    XL:     7   Next: 86%
Magic:  0/9        EV: 15    Int: 14    God:
Gold:   200        SH:  0    Dex: 24    Spells: 6/6 levels left

rFire   + . .        j - +0 shortbow (drain)
rCold   . . .        (shield currently unavailable)
rNeg    . . .        m - +1 leather armour {rPois}
rPois   +            (no helmet)
rElec   .            (no cloak)
rCorr   .            (no gloves)
SInv    .            (no boots)
Will    .....        c - amulet of guardian spirit
Stlth   ++           p - ring of protection from fire
HPRegen 0.26/turn    b - +6 ring of dexterity
MPRegen 0.11/turn

%: guardian spirit
@: lethally poisoned (-4 -> -28), about to teleport
A: no striking features
a: no special abilities


You were on level 5 of the Dungeon.
You visited 1 branch of the dungeon, and saw 5 of its levels.

You collected 200 gold pieces.


   Skills:
 - Level 2.4 Fighting
 + Level 11.4 Ranged Weapons
 - Level 5.1 Dodging
 - Level 1.2 Stealth


You had 6 spell levels left.
You didn't know any spells.
Your spell library was empty.

Inventory:

Hand Weapons
 j - a +0 shortbow of draining (weapon)
Armour
 f - a +0 ring mail
 m - a +1 leather armour of poison resistance (worn)
Jewellery
 b - a +6 ring of dexterity (right hand)
 c - an amulet of guardian spirit (around neck)
 p - a ring of protection from fire (left hand)
 Y - a ring of willpower
Wands
 q - a wand of digging (1)
Scrolls
 o - a scroll of identify
Potions
 d - 2 potions of enlightenment
 e - a potion of cancellation
 g - a potion of lignification {unknown}
 h - a potion of haste {unknown}
 i - a potion of heal wounds {unknown}
 k - a potion of curing
 l - a potion of mutation {unknown}
 n - a potion of degeneration {unknown}

Dungeon Overview and Level Annotations

Branches:
Dungeon (5/15)
 Temple: D:4-7

Altars:
Elyvilon
Uskayaw


Message History

The killer bee stings you.
You shoot an arrow. The arrow misses the killer bee.
The killer bee barely misses you. x2
You shoot an arrow. The arrow barely misses the killer bee.
The killer bee stings you but does no damage.
The killer bee stings you. x2; The killer bee misses you.
You shoot an arrow.
The arrow completely misses the killer bee.
The killer bee closely misses you. The killer bee stings you.
You are poisoned.
The killer bee poisons you! The killer bee misses you.
The killer bee stings you.
You shoot an arrow. The arrow hits the killer bee.
The killer bee is severely wounded.
You feel sick. The killer bee barely misses you. x2
You shoot an arrow.
The arrow closely misses the killer bee.
You feel sick. The killer bee misses you. The killer bee barely misses you.
The killer bee closely misses you. The killer bee stings you!
You shoot an arrow. The arrow hits the killer bee.
The killer bee is almost dead.
You feel sick. The killer bee closely misses you.
The killer bee barely misses you. x2
The killer bee stings you but does no damage.
You shoot an arrow. The arrow misses the killer bee.
You feel sick. The killer bee closely misses you. The killer bee stings you.
You are lethally poisoned!
The killer bee poisons you! The killer bee misses you.
The killer bee stings you.
3726 ||| READING scroll of teleportation.
As you read the scroll of teleportation, it crumbles to dust.
You feel strangely unstable.
You feel very sick. The killer bee stings you.
You are more poisoned.
The killer bee poisons you! The killer bee misses you.
The killer bee stings you.
You are more poisoned.
The killer bee poisons you! The killer bee stings you!
You die...

..............# ##..#
.#............# #..#
..............# ###.##
..............# #....##
...##.........#
#.##..## ..#
#..........### #.###..#
#............###.####.#
..........yy.........#
.##@.##.###### ##%##.#
#....# ######


You could see 2 killer bees.

Vanquished Creatures
  Eustachio (D:3)
  Menkaure (D:5)
  A phantom (D:5)
  3 scorpions
  2 killer bees (D:5)
  3 hounds
  3 iguanas
  An orc wizard (D:3)
  4 adders
  A white imp (D:3)
  2 worms (D:2)
  A dart slug (D:1)
  9 orcs
  4 ball pythons
  10 endoplasms
  A giant cockroach (D:1)
  13 goblins
  3 hobgoblins
  7 quokkas
  7 bats
  8 frilled lizards
  8 kobolds
  6 rats
99 creatures vanquished.

Notes
Turn   | Place    | Note
-------+----------+-------------------------------------------
     0 | D:1      | qw the Deep Elf Hunter began the quest for the Orb.
     0 | D:1      | Reached XP level 1. HP: 12/12 MP: 3/3
     0 | D:1      | 0 ||| qw: Version: 0.3-a-9-g12657ce
     0 | D:1      | 0 ||| qw: Game counter: 3345
     0 | D:1      | 0 ||| qw: Always use a shield: true
     0 | D:1      | 0 ||| qw: God list: Okawaru
     0 | D:1      | 0 ||| qw: Allow faded altars: false
     0 | D:1      | 0 ||| qw: Do Orc after D:15 true
     0 | D:1      | 0 ||| qw: Do second Lair branch before Depths: true
     0 | D:1      | 0 ||| qw: Lair rune preference: random
     0 | D:1      | 0 ||| qw: Plans: Normal
     0 | D:1      | 0 ||| PLANNING D:1-11
   102 | D:1      | Found a faded altar of an unknown god.
   150 | D:1      | Reached XP level 2. HP: 16/16 MP: 4/4
   168 | D:1      | Reached skill level 6 in Ranged Weapons
   720 | D:1      | 720 ||| UPGRADING to +0 ring mail.
   730 | D:1      | 730 ||| DROPPING +0 leather armour.
   731 | D:1      | 731 ||| UPGRADING to ring of willpower.
   732 | D:1      | 732 ||| READING scroll labelled LOMIMASHREG.
   733 | D:1      | 733 ||| READING scroll labelled CEENKY KETOLA.
   737 | D:1      | 737 ||| READING scroll labelled LAIGUDD YKLE.
   738 | D:1      | 738 ||| DROPPING scroll of butterflies.
   875 | D:2      | Reached XP level 3. HP: 20/20 MP: 5/5
   985 | D:2      | Reached skill level 7 in Ranged Weapons
  1126 | D:2      | Found a white marble altar of Elyvilon.
  1268 | D:2      | Reached XP level 4. HP: 25/25 MP: 6/6
  1631 | D:2      | 1631 ||| UPGRADING to +1 leather armour of poison
                  | resistance.
  1641 | D:2      | 1641 ||| UPGRADING to amulet of guardian spirit.
  1646 | D:2      | 1646 ||| UPGRADING to +6 ring of dexterity.
  1647 | D:2      | 1647 ||| READING scroll labelled OZXESO YQYTZ.
  1648 | D:2      | 1648 ||| READING scroll labelled HEICUKKOMEH.
  1772 | D:3      | Reached skill level 3 in Dodging
  1787 | D:3      | HP: 4/25 [something/magic dart (7)]
  1789 | D:3      | HP: 1/25 [something (3)]
  1791 | D:3      | Reached skill level 8 in Ranged Weapons
  1924 | D:3      | Reached XP level 5. HP: 24/29 MP: 4/7
  2351 | D:3      | 2351 ||| DRINKING 2 red potions.
  2369 | D:4      | 2369 ||| STAIRDANCE
  2394 | D:4      | 2394 ||| STAIRDANCE
  2582 | D:4      | Reached skill level 9 in Ranged Weapons
  2768 | D:4      | Reached XP level 6. HP: 26/36 MP: 4/8
  2864 | D:4      | Found a hide-covered altar of Uskayaw.
  2966 | D:4      | Noticed Eustachio
  2972 | D:4      | 2972 ||| STAIRDANCE
  3014 | D:3      | Killed Eustachio
  3096 | D:3      | 3096 ||| READING scroll labelled XAGEOR BISI.
  3097 | D:3      | 3097 ||| DRINKING 2 fuming red potions.
  3098 | D:3      | 3098 ||| DRINKING 2 inky potions.
  3099 | D:3      | 3099 ||| DROPPING potion of brilliance.
  3487 | D:5      | Entered Level 5 of the Dungeon
  3493 | D:5      | Noticed Menkaure
  3498 | D:5      | Killed Menkaure
  3499 | D:5      | Reached XP level 7. HP: 40/40 MP: 9/9
  3508 | D:5      | Reached skill level 10 in Ranged Weapons
  3566 | D:5      | Reached skill level 11 in Ranged Weapons
  3624 | D:5      | 3624 ||| UPGRADING to ring of protection from fire.
  3626 | D:5      | 3626 ||| READING 2 scrolls of identify.
  3626 | D:5      | 3626 ||| IDENTIFYING purple potion
  3725 | D:5      | HP: 10/40 [killer bee (1)]
  3726 | D:5      | 3726 ||| READING scroll of teleportation.
  3726 | D:5      | HP: 3/40 [killer bee (4)]
  3726 | D:5      | Slain by a killer bee

Levels and vault maps discovered:
D:1:      dpeg_arrival_rhombi, layout_basic, chequers_ecumenical_altar_simple,
          roderic_st_hans_cross
D:2:      layout_loops_ring, basic_altar, chequers_avenue, st_stairs_9,
          kennysheep_generic_room_2
D:3:      layout_loops_cross
D:4:      layout_cave_pods, mainiacjoe_overflow_boulevard,
          chequers_serial_rivers_small_a, uniq_eustachio
D:5:      layout_rooms, ashenzari_conservatory_becter,
          chequers_temple_overflow_minitemple, grunt_decor_cap,
          hangedman_decor_diamond_cutter, nicolae_goblin_pals, uniq_duvessa,
          uniq_menkaure

Skill      XL: |  1  2  3  4  5  6  7 |
---------------+----------------------+-----
Ranged Weapons | 6 7 8 9 11 | 11.4
Dodging        | 3 5 |  5.1
Fighting       | 2 |  2.4
Stealth        | |  1.2

Action                     |  1- 3 |  4- 6 |  7- 9 || total
---------------------------+-------+-------+-------++-------
   Fire: Shortbow          |   128 |   178 |    68 ||   374
    Use: Scroll            |     3 |     3 |     2 ||     8
         Potion            |       |     3 |       ||     3
 Armour: Leather armour    |     3 |    57 |     3 ||    63
         Ring mail         |    10 |     2 |       ||    12
  Dodge: Dodged            |    25 |   113 |    33 ||   171

Table legend:
 A = Non-vault XP
 B = Vault XP
 C = Vault XP percentage of total XP
 D = Non-vault monster count
 E = Vault monster count
 F = Vault count percentage of total count
                 A         B        C        D         E       F
            +---------+---------+-------+---------+---------+-------
      Total |     954 |     380 |  28.5 |      94 |       5 |   5.1
            +---------+---------+-------+---------+---------+-------
        D:1 |      37 |       0 |   0.0 |      22 |       0 |   0.0
        D:2 |      49 |      20 |  29.0 |      27 |       3 |  10.0
        D:3 |     133 |     188 |  58.6 |      20 |       1 |   4.8
        D:4 |     242 |       0 |   0.0 |      11 |       0 |   0.0
        D:5 |     493 |     172 |  25.9 |      14 |       1 |   6.7
            +---------+---------+-------+---------+---------+-------
